 Dungeon Crawl Stone Soup version 0.31.0-11-ge490571c62 (webtiles) character file.

Game seed: 1356213579551946638

2195 ntrailstourney the Cleaver (level 9, -7/77 (82) HPs)
             Began as a Minotaur Fighter on Feb 4, 2024.
             Was a Priest of Trog.
             Mangled by a gnoll
             ... wielding a +2 halberd of draining
              (10 damage)
             ... in a bailey.
             The game lasted 00:21:46 (4016 turns).

ntrailstourney the Cleaver (Minotaur Fighter)       Turns: 4016, Time: 00:21:46

HP:   -7/77 (82)    AC: 13    Str: 25    XL:     9   Next: 12%
MP:   8/8           EV:  8    Int:  8    God:    Trog [***...]
Gold: 99            SH:  5    Dex: 13    Spells: 8/8 levels left

rFire   . . .        a - +0 war axe
rCold   + . .        c - +0 buckler
rNeg    + . .        x - +1 chain mail "Hero's Friend" {rC+ rN+ Dex+3}
rPois   .            w - +1 hat {Int+3}
rElec   .            (no cloak)
rCorr   .            v - +0 pair of gloves
SInv    .            (no boots)
Will    ++...        T - amulet of faith {!P} Stlth
                     L - ring of flight
HPRegen 1.32/turn    (no ring)
MPRegen 0.11/turn

%: faith
@: strong-willed (expiring), on berserk cooldown, flying, regenerating
(expiring), slowed, drained, very slow
A: horns 2, retaliatory headbutt
a: Renounce Religion, Berserk, Trog's Hand


You were in a bailey.
You worshipped Trog.
Trog was most pleased with you.
You visited 2 branches of the dungeon, and saw 9 of its levels.
You also visited: Sewer and Bailey.

You collected 288 gold pieces.
You spent 189 gold pieces at shops.


Innate Abilities, Weirdness & Mutations

You have a pair of horns on your head.
You reflexively headbutt those who attack you in melee.


   Skills:
 * Level 8.6 Fighting
 + Level 10.5 Axes
 * Level 2.3 Throwing
 - Level 5.0 Armour
 - Level 4.8 Shields
 * Level 2.1 Evocations


You had 8 spell levels left.
You didn't know any spells.
Your spell library contained the following spells:

 Spells                   Type           Power      Damage    Failure   Level
 Call Imp                 Summ           0%         N/A       98%         2
 Ensorcelled Hibernation  Hex/Ice        0%         N/A       98%         2
 Scorch                   Fire           0%         2d5       98%         2
 Sublimation of Blood     Necr           0%         N/A       98%         2
 Fugue of the Fallen      Necr           0%         N/A       100%        3
 Inner Flame              Hex/Fire       0%         N/A       100%        3
 Anguish                  Hex/Necr       0%         N/A       100%        4
 Flame Wave               Conj/Fire      0%         2d4       100%        4
 Sticky Flame             Fire/Alch      0%         2d4       100%        4
 Summon Cactus Giant      Summ           0%         N/A       100%        6
 Summon Hydra             Summ           0%         N/A       100%        7

Inventory:

Hand Weapons
 a - a +0 war axe (weapon)
Missiles
 e - 8 stones
 m - 6 atropa-tipped darts
 t - 6 javelins (quivered)
 y - 6 boomerangs
 C - 2 poisoned darts
Armour
 b - a +0 scale mail
 c - a +0 buckler (worn)
 j - a +2 leather armour of fire resistance
   (You found it on level 1 of the Dungeon)
 r - a +0 scale mail
   (You took it off an orc on level 4 of the Dungeon)
 u - a +0 robe
   (You found it on level 4 of the Dungeon)
 v - a +0 pair of gloves (worn)
   (You found it on level 4 of the Dungeon)
 w - a +1 hat of intelligence (worn)
   (You bought it in a shop on level 5 of the Dungeon)
 x - the +1 chain mail "Hero's Friend" (worn) {rC+ rN+ Dex+3}
   (You found it on level 5 of the Dungeon)

   Dex+3:     It affects your dexterity (+3).
   rC+:       It protects you from cold.
   rN+:       It protects you from negative energy.
 D - a +0 scale mail
   (You took it off an orc in a bailey)
 E - a +0 ring mail
   (You took it off an orc in a bailey)
 G - a +0 chain mail
   (You took it off an orc in a bailey)
 H - a +0 scale mail
   (You took it off an orc in a bailey)
 I - a +0 chain mail
   (You took it off an orc in a bailey)
 J - a +0 chain mail
   (You took it off an orc in a bailey)
 K - a +0 ring mail
   (You took it off an orc in a bailey)
 M - a +2 scale mail of poison resistance
   (You took it off an orc on level 7 of the Dungeon)
 P - a +0 ring mail
   (You took it off an orc in a bailey)
 Q - a +0 chain mail
   (You took it off an orc in a bailey)
Jewellery
 A - an amulet of the acrobat
   (You took it off a goblin on level 3 of the Dungeon)
 F - a ring of fire
   (You found it on level 4 of the Dungeon)
 L - a ring of flight (left hand)
   (You found it on level 1 of the Dungeon)
 R - a ring of resist corrosion
   (You found it on level 8 of the Dungeon)
 T - an amulet of faith (around neck) {!P}
   (You found it on level 5 of the Dungeon)
Talismans
 d - a flux talisman
   (You found it on level 4 of the Dungeon)
Wands
 z - a wand of roots (12)
   (You found it on level 8 of the Dungeon)
 X - a wand of charming (14)
   (You found it on level 6 of the Dungeon)
Scrolls
 f - 8 scrolls of identify {unknown}
 g - a scroll of butterflies {unknown}
 h - a scroll of blinking {unknown}
 i - 4 scrolls of fog {unknown}
 l - 2 scrolls of teleportation {unknown}
 o - 3 scrolls of noise {!r}
 B - a scroll of amnesia {unknown}
 N - 2 scrolls of enchant weapon {unknown}
Potions
 k - 3 potions of heal wounds {unknown}
 n - a potion of enlightenment {unknown}
 p - a potion of ambrosia {unknown}
 q - 3 potions of mutation {!q}
 s - 4 potions of haste {unknown}
 O - a potion of might

Dungeon Overview and Level Annotations

Branches:
Dungeon (8/15) Zot: 26710  Temple (1/1) D:5 Zot: 5998   Sewer (visited)
 Bailey (1/1) Zot: 5735
   Lair: D:8-11

Altars:
Ashenzari
Cheibriados
Dithmenos
Elyvilon
Fedhas
Gozag
Hepliaklqana
Kikubaaqudgha
Makhleb
Nemelex Xobeh
Okawaru
Qazlal
Ru
Sif Muna
Trog
Uskayaw
Vehumet
Wu Jian
Xom
Yredelemnul
Zin
The Shining One

Shops:
D:5

[
##'##'##'###'##'##'##
#.###.###.#)###.###.#
### ### ##### ### #'#
#. #g#)###)###.#
+##'##'###'##'##'##
#!.!.!# ##.....##
#.!.!.### #.....###
+!.⌠.g'.# +..⌠..'.#
#.!.)@# #.....###
#!.!g)## ##.....##
+##'##)###'##'##'##
#. ##)))###.###)# #
##### ### ###


You could see 2 gnolls.


Message History

😨 HP[+4]
You now have 115 max hp (+37).
You regained 4 hp, and now have 37/115 hp.
You hit the gnoll. The gnoll barely misses you. You furiously retaliate!
You headbutt the gnoll!
You kill the gnoll!
Trog accepts your kill.
The gnoll hits you from afar with a +0 halberd of draining!
* * * LOW HITPOINT WARNING * * *
You partially resist.
You feel drained. 😨 HP[-8]
You now have 112 max hp (-3).
You take 8 damage, and now have 29/112 hp. 2 orcs come into view.
The orc shouts!
You block the gnoll's attack.
The orc warrior hits you but does no damage.
An orc comes into view. It is wielding a +0 trident.
There is an open door here.
Things that are here:
a +2 halberd of electrocution; a gnoll corpse 😨 HP[+1]
You slash the gnoll! You headbutt the gnoll.
You kill the gnoll!
Trog accepts your kill. 😨 HP[+1] Unknown command.
The orc hits you but does no damage. You block the orc warrior's attack.
A gnoll comes into view.
It is wielding a +2 halberd of draining.
You see here a +0 halberd of draining. 😨 HP[+1] Unknown command.
You barely miss the orc warrior. You headbutt the orc warrior.
The orc barely misses you.
The orc warrior hits you with a +1 halberd of electrocution.
* * * LOW HITPOINT WARNING * * *
😨 HP[-1]
You take 1 damage, and now have 31/112 hp.
You slice the orc warrior!!
You kill the orc warrior!
Trog accepts your kill.
Your Evocations skill increases to level 2! 😨 HP[+1]
You now have 117 max hp (+5).
The gnoll closely misses you. The orc closely misses you.
The orc barely misses you. The orc hits you but does no damage.
There is an open door, spattered with blood here.
Things that are here:
a +1 halberd of electrocution; a +0 plate armour You barely miss the orc.
The gnoll closely misses you. The orc closely misses you.
You block the orc's attack. The orc barely misses you. 😨 HP[+1]
You completely miss the orc. You headbutt the orc!
You kill the orc!
Trog accepts your kill. 😨 HP[+1]
The gnoll hits you with a +2 halberd of electrocution.
* * * LOW HITPOINT WARNING * * *
The orc hits you but does no damage. The gnoll hits you but does no damage.
You partially resist. The orc hits you but does no damage.
Things that are here:
a +0 halberd; a +0 ring mail; a coppery potion 😨 HP[-2]
You take 2 damage, and now have 32/117 hp.
Unknown command.
You closely miss the gnoll.
You hit the orc. x2; You block the gnoll's attack.
The orc hits you but does no damage. The gnoll barely misses you.
The orc misses you. 😨 HP[+1]
You closely miss the gnoll. Your headbutt misses the gnoll. You slash the orc!
You kill the orc!
Trog accepts your kill.
You slash the orc!
You kill the orc!
Trog accepts your kill. 😨 HP[+1]
You slash the gnoll!
You are no longer berserk.
You are exhausted.
You feel yourself slow down. The gnoll hits you but does no damage.
You partially resist. 😨 HP[-10]
You now have 78 max hp (-39).
You feel the effects of Trog's Hand fading.
The gnoll hits you but does no damage.
The gnoll hits you with a +2 halberd of draining.
* * * LOW HITPOINT WARNING * * *
You partially resist.
You feel drained. 😨 HP[+1]
You now have 77 max hp (-1).
You hit the gnoll. You headbutt the gnoll. You hit the gnoll.
The gnoll hits you with a +2 halberd of electrocution.
* * * LOW HITPOINT WARNING * * *
You are electrocuted!!
* * * LOW HITPOINT WARNING * * *
The gnoll hits you with a +2 halberd of draining!
You die...

Skill      XL: |  1  2  3  4  5  6  7  8  9 |
---------------+----------------------------+-----
Axes           | 3 4 5 6 8 10 | 10.5
Fighting       | 4 5 6 8 |  8.6
Armour         | 4 5 |  5.0
Shields        | 4 |  4.8
Throwing       | 1 2 |  2.3
Evocations     | 1 2 |  2.1

Action                     |  1- 3 |  4- 6 |  7- 9 || total
---------------------------+-------+-------+-------++-------
  Melee: War axe           |    68 |   113 |   207 ||   388
         Headbutt          |     8 |    15 |    41 ||    64
  Throw: Javelin           |       |       |     4 ||     4
 Invoke: Trog's Hand       |       |       |     7 ||     7
         Berserk           |       |       |     3 ||     3
    Use: Potion            |       |     1 |       ||     1
 Armour: Scale mail        |    43 |    73 |       ||   116
         Chain mail        |       |    35 |   170 ||   205
  Dodge: Dodged            |    43 |    56 |    62 ||   161
  Block: Buckler           |    22 |    23 |    43 ||    88

Levels and vault maps discovered:
D:1:      tarquinn_simple_flora_water_d, layout_loops_corners, serial_glass,
          glass_columns_c, glass_columns_a, feat_on_display, item_on_display_a
D:2:      layout_basic, hellmonk_ecumenical_altar_lost_god, serial_shops,
          nicolae_shop_peninsula, uniq_robin, uniq_natasha
D:3:      layout_basic, old_standard_altar, tso_metal_star,
          okawaru_metal_pillars_3, minmay_misc_feat_rugged
D:4:      layout_basic, elyvilon_altar_1, portal_sewer_entry_f
D:5:      minmay_goblin_kobold_castle, layout_basic,
          minmay_temple_entry_statues_fountains, serial_shops,
          nicolae_diamond_shop, kennysheep_generic_room_15, uniq_grinder
D:6:      layout_loops_corners, chequers_serial_rivers_small_b,
          amcnicky_mini_pool_small, minmay_pentangle
D:7:      layout_basic, uniq_jeremiah
D:8:      layout_loops_cross, erik_lair_orcish_takeover, enter_bailey_3,
          grunt_decor_resistance, uniq_maurice, uniq_gastronok, uniq_grum
Temple:   hc_temple_tempest_star
Bailey:   bailey_polearm_nasty_gnolls, bailey

Notes
Turn   | Place    | Note
-------+----------+-------------------------------------------
     0 | D:1      | ntrailstourney the Minotaur Fighter began the quest for the
                  | Orb.
     0 | D:1      | Reached XP level 1. HP: 19/19 MP: 0/0
     0 | D:1      | magus.rc [v1.11.3]
   249 | D:1      | Reached XP level 2. HP: 27/27 MP: 1/1
   265 | D:1      | You pick up a book of Dreams and begin reading...
   265 | D:1      | You add the spells Ensorcelled Hibernation, Fugue of the
                  | Fallen and Anguish to your library.
   399 | D:2      | Reached skill level 3 in Axes
   504 | D:3      | Found a bloodstained altar of Trog.
   512 | D:3      | Became a worshipper of Trog the Wrathful
   558 | D:3      | Reached skill level 4 in Fighting
   558 | D:3      | Reached skill level 4 in Armour
   558 | D:3      | Reached skill level 4 in Shields
   558 | D:3      | Reached XP level 3. HP: 31/33 MP: 2/2
   714 | D:3      | Found a glowing golden altar of the Shining One.
   772 | D:3      | Reached skill level 4 in Axes
   772 | D:3      | Reached XP level 4. HP: 35/40 MP: 3/3
   857 | D:2      | You pick up a book of Scorching {forbidden} and begin
                  | reading...
   857 | D:2      | You add the spells Scorch, Flame Wave and Summon Cactus
                  | Giant to your library.
   896 | D:2      | Noticed Natasha
   907 | D:2      | Killed Natasha
  1019 | D:3      | Found an iron altar of Okawaru.
  1084 | D:4      | Reached XP level 5. HP: 26/47 MP: 4/4
  1130 | D:4      | Found a white marble altar of Elyvilon.
  1386 | D:4      | Found a glowing drain.
  1399 | D:4      | Reached * piety under Trog
  1404 | Sewer    | Entered a sewer
  1547 | Sewer    | Reached skill level 5 in Axes
  1632 | D:4      | Reached XP level 6. HP: 55/55 MP: 5/5
  1706 | D:5      | Entered Level 5 of the Dungeon
  1755 | D:5      | Reached skill level 5 in Fighting
  1805 | D:5      | Found Eriph's Antique Armour Shop.
  1814 | D:5      | Bought an embroidered hat for 189 gold pieces
  1830 | D:5      | Identified the +1 chain mail "Hero's Friend" {rC+ rN+
                  | Dex+3}
  1876 | D:5      | Reached skill level 5 in Armour
  1931 | D:5      | Reached skill level 6 in Axes
  2126 | D:5      | Found a staircase to the Ecumenical Temple.
  2135 | Temple   | Entered the Ecumenical Temple
  2136 | Temple   | magus.rc [v1.11.3]
  2244 | D:6      | Reached XP level 7. HP: 42/62 MP: 6/6
  2393 | D:6      | Reached skill level 7 in Axes
  2442 | D:7      | Reached ** piety under Trog
  2443 | D:7      | Reached skill level 6 in Fighting
  2520 | D:7      | Reached skill level 8 in Axes
  2615 | D:7      | Reached XP level 8. HP: 36/71 MP: 7/7
  2677 | D:7      | Reached skill level 7 in Fighting
  2693 | D:7      | Reached skill level 9 in Axes
  2718 | D:7      | magus.rc [v1.11.3]
  2894 | D:7      | Noticed Jeremiah
  2948 | D:7      | Killed Jeremiah
  3165 | D:6      | Reached skill level 10 in Axes
  3277 | D:6      | Reached skill level 8 in Fighting
  3284 | D:6      | You pick up a book of Blood {forbidden} and begin
                  | reading...
  3284 | D:6      | You add the spells Call Imp, Sublimation of Blood and
                  | Summon Hydra to your library.
  3496 | D:8      | Reached skill level 1 in Throwing
  3496 | D:8      | Reached skill level 1 in Evocations
  3514 | D:8      | Reached XP level 9. HP: 35/82 MP: 8/8
  3727 | D:8      | You pick up a book of Flames {forbidden} and begin
                  | reading...
  3727 | D:8      | You add the spells Inner Flame and Sticky Flame to your
                  | library.
  3736 | D:8      | Found a flagged portal.
  3749 | Bailey   | Entered a bailey
  3793 | Bailey   | Reached skill level 2 in Throwing
  3973 | Bailey   | Reached *** piety under Trog
  4008 | Bailey   | Reached skill level 2 in Evocations
  4016 | Bailey   | HP: 3/77 [gnoll/+2 halberd of electrocution (20)]
  4016 | Bailey   | Mangled by a gnoll

Vanquished Creatures
  Jeremiah (D:7)
  A water moccasin (D:8)
  A black bear (D:5)
  An ice beast (D:6)
  4 orc warriors
  A kobold brigand (D:6)
  A bullfrog (D:7)
  A scorpion (D:6)
  6 killer bees (D:8)
  A howler monkey (D:3)
  A jelly (D:5)
  2 hounds
  2 gnoll boudas
  2 orc priests
  2 sleepcaps
  An iguana (D:4)
  5 orc wizards (D:7)
  Natasha (D:2)
  11 adders
  13 gnolls
  A river rat (Sewer)
  2 white imps
  A dart slug (Sewer)
  2 ribbon worms
  25 orcs
  3 ball pythons
  7 bats
  An endoplasm (D:4)
  5 giant cockroaches
  12 goblins
  2 hobgoblins
  4 jackals
  7 kobolds
  2 quokkas
  5 frilled lizards
  4 rats
141 creatures vanquished.

Table legend:
 A = Non-vault XP
 B = Vault XP
 C = Vault XP percentage of total XP
 D = Non-vault monster count
 E = Vault monster count
 F = Vault count percentage of total count
                 A         B        C        D         E       F
            +---------+---------+-------+---------+---------+-------
      Total |    2386 |     750 |  23.9 |      93 |      48 |  34.0
            +---------+---------+-------+---------+---------+-------
        D:1 |      18 |       0 |   0.0 |      11 |       0 |   0.0
        D:2 |      15 |      33 |  68.8 |       9 |       1 |  10.0
        D:3 |     108 |       0 |   0.0 |      11 |       0 |   0.0
        D:4 |     147 |      10 |   6.4 |      14 |       5 |  26.3
        D:5 |     270 |       7 |   2.5 |       5 |       4 |  44.4
        D:6 |     433 |       0 |   0.0 |      10 |       0 |   0.0
        D:7 |     872 |     358 |  29.1 |      26 |       1 |   3.7
        D:8 |     523 |       6 |   1.1 |       7 |       4 |  36.4
      Sewer |       0 |      71 | 100.0 |       0 |      13 | 100.0
     Bailey |       0 |     265 | 100.0 |       0 |      20 | 100.0
            +---------+---------+-------+---------+---------+-------

Skill      XL: |  1  2  3  4  5  6  7  8  9 |
---------------+----------------------------+-----
Axes           | 3 4 5 6 8 10 | 10.5
Fighting       | 4 5 6 8 |  8.6
Armour         | 4 5 |  5.0
Shields        | 4 |  4.8
Throwing       | 1 2 |  2.3
Evocations     | 1 2 |  2.1

Action                     |  1- 3 |  4- 6 |  7- 9 || total
---------------------------+-------+-------+-------++-------
  Melee: War axe           |    68 |   113 |   207 ||   388
         Headbutt          |     8 |    15 |    41 ||    64
  Throw: Javelin           |       |       |     4 ||     4
 Invoke: Trog's Hand       |       |       |     7 ||     7
         Berserk           |       |       |     3 ||     3
    Use: Potion            |       |     1 |       ||     1
 Armour: Scale mail        |    43 |    73 |       ||   116
         Chain mail        |       |    35 |   170 ||   205
  Dodge: Dodged            |    43 |    56 |    62 ||   161
  Block: Buckler           |    22 |    23 |    43 ||    88

Illustrated notes

Table legend:
 A = Kills in this place as a percentage of kills in the entire game.
 B = Kills by you in this place as a percentage of kills by you in the entire game.
 C = Kills by friends in this place as a percentage of kills by friends in the entire game.
 D = Other kills in this place as a percentage of other kills in the entire game.
 E = Experience gained in this place as a percentage of experience gained in the entire game.
 F = Experience gained in this place divided by the number of levels of this place that you have seen.
                   A       B       C       D       E      F
               +-------+-------+-------+-------+-------+----------------------
         Total | 100.0 | 100.0 |   N/A |   N/A | 100.0 | 285.1
       Dungeon |  76.6 |  76.6 |   N/A |   N/A |  89.3 | 350.0
         Sewer |   9.2 |   9.2 |   N/A |   N/A |   2.3 |  71.0
        Bailey |  14.2 |  14.2 |   N/A |   N/A |   8.5 | 265.0
               +-------+-------+-------+-------+-------+----------------------

Table legend: (Time is in decaauts)
 A = Elapsed time spent in this place.
 B = Non-inter-level travel time spent in this place.
 C = Inter-level travel time spent in this place.
 D = Time resting spent in this place.
 E = Time spent auto-exploring this place.
 F = Levels seen in this place.
 G = Mean time per level.
                   A        B        C        D        E       F      G
               +--------+--------+--------+--------+--------+-----+--------+
         Total |   4144 |   4009 |    135 |    337 |    663 |  11 |  376.7 |
       Dungeon |   3684 |   3549 |    135 |    321 |    565 |   8 |  460.5 |
        Temple |      1 |      1 |      0 |      0 |      0 |   1 |    1.0 |
         Sewer |    195 |    195 |      0 |      0 |      0 |   1 |  195.0 |
        Bailey |    262 |    262 |      0 |     16 |     98 |   1 |  262.0 |
               +--------+--------+--------+--------+--------+-----+--------+

Top non-repeatable levels by time:
     D:7: 1111 daAuts
     D:4: 572 daAuts
     D:5: 486 daAuts
     D:3: 412 daAuts
     D:1: 394 daAuts
     D:6: 309 daAuts
  Bailey: 262 daAuts
     D:2: 258 daAuts
   Sewer: 195 daAuts
     D:8: 139 daAuts
  Temple: 1 daAuts
